 Dungeon Crawl Stone Soup version 0.29.1-2-gbd0b4ee654 (webtiles) character file.

Game seed: 15944901049470244168

252 NinjaNoafa the Vexing (level 5, -1/19 (24) HPs)
             Began as a Spriggan Enchanter on Nov 16, 2022.
             Splashed by a jelly's acid (6 damage)
             ... on level 3 of the Dungeon.
             The game lasted 00:08:53 (5291 turns).

NinjaNoafa the Vexing (Spriggan Enchanter)          Turns: 5291, Time: 00:08:54

HP:   -1/19 (24)    AC:  1    Str:  2 (4)  XL:     5   Next: 89%
MP:   4/10          EV: 18    Int: 18      God:
Gold: 153           SH:  0    Dex: 14 (16) Spells: 7/9 levels left

rFire   . . .      SeeInvis +   e - +0 rapier
rCold   . . .      Faith    .   (no shield)
rNeg    . . .      Spirit   .   b - +0 robe
rPois   .          Reflect  .   (helmet restricted)
rElec   .          Harm     .   (no cloak)
rCorr   .          Rampage  .   (gloves unavailable)
Will    .....                   (boots unavailable)
Stlth   +++.......              (no amulet)
HPRegen 0.06/turn               (no ring)
MPRegen 0.12/turn               (no ring)

@: heavily drained, very quick
A: very small, no large weapons, unfitting armour, see invisible, speed 3,
deformed body
a: no special abilities


You were on level 3 of the Dungeon.
You visited 1 branch of the dungeon, and saw 3 of its levels.

You collected 153 gold pieces.

Inventory:

Hand Weapons
 d - a +0 vampiric dagger
 e - a +0 rapier (weapon)
Missiles
 a - 38 stones
 m - 17 poisoned darts
Armour
 b - a +0 robe (worn)
Wands
 o - a wand of flame (9)
Scrolls
 g - 4 scrolls of identify
 i - a scroll of noise {unknown}
 j - a scroll of butterflies {unknown}
Potions
 c - a potion of invisibility
 f - a potion of lignification
 h - a potion of brilliance {unknown}


   Skills:
 + Level 1.3 Short Blades
 + Level 4.9 Dodging
 - Level 4.4 Stealth
 - Level 2.6 Spellcasting
 - Level 7.0 Hexes


You had 7 spell levels left.
You knew the following spells:

 Your Spells              Type           Power      Damage    Failure   Level
a - Ensorcelled Hibernat  Hex/Ice        30%        N/A       6%          2

Your spell library contained the following spells:

 Spells                   Type           Power      Damage    Failure   Level
 Confusing Touch          Hex            27%        N/A       2%          3
 Tukima's Dance           Hex            27%        N/A       2%          3
 Dazzling Flash           Conj/Hex       30%        N/A       12%         3
 Inner Flame              Hex/Fire       15%        N/A       12%         3
 Foxfire                  Conj/Fire      8%         2x1d4     17%         1
 Blink                    Tloc           4%         N/A       26%         2
 Conjure Flame            Conj/Fire      2%         6-21      45%         3
 Lesser Beckoning         Tloc           2%         N/A       45%         3
 Animate Dead             Necr           2%         N/A       86%         4
 Flame Wave               Conj/Fire      2%         2d4       86%         4
 Manifold Assault         Tloc           2%         N/A       99%         5
 Haunt                    Necr/Summ      1%         N/A       100%        7
 Infestation              Necr           1%         N/A       100%        8


Dungeon Overview and Level Annotations

Branches:
Dungeon (3/15)

Altars:
Ashenzari


Innate Abilities, Weirdness & Mutations

You are very small and have problems with some larger weapons.
You are too small for most types of armour.
You have supernaturally acute eyesight. (SInv)
You cover ground extremely quickly. (Speed+++)
Armour fits poorly on your strangely shaped body.


Message History

The endoplasm hits the fungus.
The fungus begins to die.
The endoplasm hits the fungus.
The endoplasm hits you. The endoplasm freezes you.
You are frozen.
The endoplasm quivers.
The jelly quivers.
There is an open door here.
The endoplasm jiggles.
The endoplasm hits the fungus.
The fungus begins to die.
The endoplasm looks drowsy...
The helpless endoplasm fails to defend itself.
You puncture the endoplasm!
You kill the endoplasm!
The endoplasm hits something.
You hit the endoplasm.
The endoplasm is almost dead.
The endoplasm misses you.
You hit the endoplasm.
You kill the endoplasm!
You hit the endoplasm but do no damage. The endoplasm hits you.
The endoplasm looks drowsy...
The helpless endoplasm fails to defend itself.
You puncture the endoplasm!
You kill the endoplasm!
You feel your dexterity returning.
An endoplasm is nearby!
The endoplasm quivers.
The endoplasm freezes you.
You are frozen.
The endoplasm looks drowsy...
The helpless endoplasm fails to defend itself.
You puncture the endoplasm!
You kill the endoplasm!
The jelly looks drowsy...
The helpless jelly fails to defend itself.
You puncture the jelly!
Your hands burn!
The jelly is heavily wounded.
The jelly hits you.
* * * LOW HITPOINT WARNING * * *
You are splashed with acid.
You die...

..# #......# ##.....###.........
..####....#.# #.......##.#.......
.......#.##.# #.....).#*,#.♣..♣..
..........#.# #.......#*,#♣♣.).♣♣
............# #.......#*.,♣....PP
............# #....####*#.♣♣..P♣.
....##......# #....'..###.♣♣P♣.P.
..♣♣♣♣♣♣....# ########.##.>♣♣♣...
.........##.# ##@.)...####..♣..PP
..♣♣♣♣♣♣.#*.###J#######*#....♣♣♣.
.........#*,##.J.PJ÷...*#.....♣♣.
...).#.###*,*#.J.PJP.P.*#........
...........,*#.....÷..J*#........
..P.....###.##.÷.P.P÷..*#........
..P._.......##...PJP÷÷J*#.....###
..P[........##.P.PJ..P$*#........
..PPPP......###########*##.......


You could see a jelly and 2 endoplasms.

Vanquished Creatures
  Natasha (twice) (D:2 D:1)
  An orc wizard (D:3)
  5 adders
  3 gnolls
  A worm (D:2)
  5 dart slugs
  5 orcs
  8 ball pythons
  5 bats
  10 endoplasms
  5 giant cockroaches
  6 goblins
  A hobgoblin (D:2)
  4 jackals (D:3)
  2 quokkas
  3 frilled lizards
  14 kobolds
  4 rats
84 creatures vanquished.

Vanquished Creatures (others)
  5 fungi (D:3)
  16 plants (D:3)
  2 toadstools (D:3)
23 creatures vanquished.

Grand Total: 107 creatures vanquished

Notes
Turn   | Place    | Note
-------+----------+-------------------------------------------
     0 | D:1      | NinjaNoafa the Spriggan Enchanter began the quest for the
                  | Orb.
     0 | D:1      | Reached XP level 1. HP: 9/9 MP: 5/5
    48 | D:1      | Reached skill level 4 in Hexes
   174 | D:1      | Reached XP level 2. HP: 10/13 MP: 6/6
   789 | D:1      | Learned a level 2 spell: Ensorcelled Hibernation
   819 | D:1      | Reached skill level 5 in Hexes
  1015 | D:1      | Reached XP level 3. HP: 16/16 MP: 8/8
  2231 | D:2      | Noticed Natasha
  2242 | D:2      | Killed Natasha
  2243 | D:2      | Reached skill level 6 in Hexes
  2243 | D:2      | Reached XP level 4. HP: 14/21 MP: 6/9
  2657 | D:2      | Noticed Natasha
  2938 | D:1      | Killed Natasha
  3380 | D:3      | Gained mutation: Armour fits poorly on your strangely
                  | shaped body. [potion of mutation]
  3392 | D:3      | Reached skill level 7 in Hexes
  3392 | D:3      | Reached XP level 5. HP: 5/16 MP: 5/10
  3747 | D:3      | Found a broken altar of Ashenzari.
  5291 | D:3      | Splashed by a jelly's acid

Illustrated notes

Levels and vault maps discovered:
D:1:      tarquinn_simple_flora_water_c, layout_basic
D:2:      layout_basic, minmay_tromino_mix6, uniq_natasha
D:3:      cheibrodos_fertilizer, layout_basic, mainiacjoe_overflow_chevrons,
          serial_forest, infiniplex_forest_end_2,
          infiniplex_forest_lined_room_2, infiniplex_forest_clump_curved,
          infiniplex_forest_lined_3_way, infiniplex_forest_end_double,
          infiniplex_forest_lined_3_way, infiniplex_forest_clump_cross,
          infiniplex_forest_straight_2, infiniplex_forest_zigzag_2

Skill      XL: |  1  2  3  4  5 |
---------------+----------------+-----
Hexes          | 4 5 6 7 |  7.0
Dodging        | 3 4 |  4.9
Short Blades   | |  1.3
Stealth        | |  4.4
Spellcasting   | |  2.6

Action                   |  1- 3 |  4- 6 || total
-------------------------+-------+-------++-------
Melee: Rapier            |   109 |    94 ||   203
       Dagger            |     2 |       ||     2
       Punch             |       |     1 ||     1
Throw: Stone             |     4 |       ||     4
 Cast: Ensorcelled Hiber |     5 |    39 ||    44
Evoke: Wand              |       |     1 ||     1
  Use: Potion            |       |     7 ||     7
       Scroll            |       |     3 ||     3
 Stab: Sleeping          |    18 |    32 ||    50
       Distracted        |     1 |       ||     1
       Invisible         |       |     2 ||     2
Armor: Robe              |     5 |     8 ||    13
       Skin              |       |    61 ||    61
Dodge: Dodged            |   102 |    92 ||   194
